 Dungeon Crawl Stone Soup version 0.22.1-2-g9c5b331383 (webtiles) character file.

10492 Jynx the Basher (level 11, -1/71 HPs)
             Began as a Gargoyle Fighter on Dec 24, 2018.
             Was a High Priest of Okawaru.
             Slain by a tentacled starspawn (23 damage)
             ... on level 2 of the Abyss.
             The game lasted 00:20:24 (9616 turns).

Jynx the Basher (Gargoyle Fighter)                  Turns: 9616, Time: 00:20:24

Health: -1/71      AC: 21    Str: 22      XL:     11   Next: 63%
Magic:  11/11      EV:  8    Int:  7 (9)  God:    Okawaru [*****.]
Gold:   809        SH: 15    Dex: 10      Spells: 10/10 levels left

rFire    . . .     SeeInvis .   l - +2 mace (holy)
rCold    . . .     Gourm    .   c - +0 shield
rNeg     + . .     Faith    .   b - +1 scale mail
rPois    ∞         Spirit   .   x - +0 helmet
rElec    +         Reflect  +   (no cloak)
rCorr    .         Harm     .   (no gloves)
MR       .....                  r - +1 pair of boots {run}
Stlth    ..........             p - +4 amulet of reflection
HPRegen  0.21/turn              w - +3 ring of slaying
MPRegen  0.12/turn              (no ring)

@: about to teleport, quick
A: deterioration 1, negative energy resistance 1, electricity resistance,
unbreathing, petrification resistance, rot immunity, AC +8
a: Heroism, Finesse, Renounce Religion


You were on level 2 of the Abyss.
You worshipped Okawaru.
Okawaru was extremely pleased with you.
You were very hungry.

You visited 2 branches of the dungeon, and saw 11 of its levels.
You visited the Abyss 1 time.

You collected 809 gold pieces.

Inventory:

Hand Weapons
 a - a +0 flail
 k - a +3 morningstar
 l - a +2 mace of holy wrath (weapon)
Armour
 b - a +1 scale mail (worn)
 c - a +0 shield (worn)
 r - a +1 pair of boots of running (worn)
 x - a +0 helmet (worn)
 z - a scarf of repulsion
Jewellery
 p - a +4 amulet of reflection (around neck)
 w - a +3 ring of slaying (left hand)
 I - the ring "Hoahao" {-Tele rElec rN+ Dex+3}
   (You found it on level 9 of the Dungeon)

   [ring of positive energy]

   It affects your dexterity (+3).
   It insulates you from electricity.
   It protects you from negative energy.
   It prevents most forms of teleportation.
Wands
 d - a wand of disintegration (19)
 s - a wand of clouds (5)
 y - a wand of polymorph (16)
 A - a wand of flame (34)
Scrolls
 g - 6 scrolls of remove curse
 m - 4 scrolls of blinking
 o - 2 scrolls of enchant armour
 q - a scroll of teleportation
 B - a scroll of random uselessness {unknown}
 D - a scroll of brand weapon {unknown}
 E - a scroll of magic mapping {unknown}
 G - a scroll of torment {unknown}
 L - a scroll of fear {unknown}
Potions
 e - 2 potions of heal wounds
 h - 4 potions of agility
 i - 3 potions of mutation
 j - 2 potions of lignification
 t - 3 potions of curing
 u - 2 potions of brilliance
 v - 2 potions of cancellation
 C - a potion of magic {unknown}
 F - a potion of ambrosia {unknown}
 H - a potion of might
 J - a potion of flight {unknown}
 K - a potion of haste {unknown}
Comestibles
 f - 26 rations


   Skills:
 + Level 9.4 Fighting
 * Level 11.5 Maces & Flails
 + Level 9.5 Armour
 + Level 9.5 Shields


You had 10 spell levels left.
You didn't know any spells.
Your spell library contained the following spells:

 Spells                   Type           Power        Failure   Level  Hunger
 Animate Skeleton         Necr           N/A          91%         1    ##.....
 Pain                     Necr           #...         91%         1    ##.....
 Corpse Rot               Necr           N/A          97%         2    ###....
 Poisonous Vapours        Pois/Air       #.....       97%         2    ###....
 Conjure Flame            Conj/Fire      #.......     99%         3    ####...
 Mephitic Cloud           Conj/Pois/Air  #.......     99%         3    ####...
 Regeneration             Chrm/Necr      #.........   99%         3    ####...
 Vampiric Draining        Necr           #.........   99%         3    ####...
 Animate Dead             Necr           N/A          100%        4    #####..
 Agony                    Necr           #.......     100%        5    ######.
 Bolt of Draining         Conj/Necr      #.........   100%        5    ######.
 Dispel Undead            Necr           #.......     100%        5    ######.
 Excruciating Wounds      Chrm/Necr      #.........   100%        5    ######.
 Freezing Cloud           Conj/Ice/Air   #.........   100%        6    #######
 Ring of Flames           Chrm/Fire      #.........   100%        7    #######
 Sublimation of Blood     Necr           Unusable     N/A         2    N/A

Dungeon Overview and Level Annotations

Branches:
Dungeon (10/15)            Temple (1/1) D:6
   Lair: D:8-11         Orc: D:9-12

Altars:
Ashenzari
Cheibriados
Dithmenos
Elyvilon
Fedhas
Gozag
Hepliaklqana
Kikubaaqudgha
Makhleb
Nemelex Xobeh
Okawaru
Qazlal
Ru
Sif Muna
Trog
Uskayaw
Vehumet
Wu Jian
Xom
Yredelemnul
Zin
The Shining One
Beogh


Innate Abilities, Weirdness & Mutations

You are resistant to torment.
Your stone body is resilient. (AC +8)
You are immune to poison.
You resist negative energy. (rN+)
You are resistant to electric shocks. (rElec)
You can survive without breathing.
You are immune to petrification.
You are immune to rotting.
Your body sometimes deteriorates upon taking damage.


Message History

You block the starspawn tentacle's attack.
A tentacle flies out from the starspawn's body!
A starspawn tentacle comes into view.
Unknown command.
You thump the starspawn tentacle!
The starspawn tentacle is moderately damaged.
You block the starspawn tentacle's attack.
The tentacled starspawn bites you but does no damage.
The tentacled starspawn engulfs you.
* * * LOW HITPOINT WARNING * * *
Unknown command.
You hit the tentacled starspawn.
The tentacled starspawn is moderately damaged.
You block the starspawn tentacle's attack.
The starspawn tentacle barely misses you.
Unknown command.
You barely miss the tentacled starspawn.
The tentacled starspawn is moderately damaged.
The tentacled starspawn bites you!!
You die...

#### X#
##..##
. .
#..@w#
.
#..Xw#
# .
#..#.#
..# .
##....
## . .
##V#...
. . ##
###..
Z#.....
# . . .
..
###s..
. .


You could see a tentacled starspawn and 2 starspawn tentacles.

Vanquished Creatures
  Harold (D:9)
  A two-headed ogre (D:8)
  Erica (D:8)
  A spatial maelstrom (Abyss:2)
  A glowing orange brain (Abyss:2)
  A frost giant zombie (Abyss:2)
  Pikel (D:7)
  A troll (D:9)
  Prince Ribbit (D:8)
  Sigmund (D:4)
  An ettin skeleton (Abyss:2)
  A human (D:7)
  4 hogs (D:7)
  2 hungry ghosts (D:8)
  Menkaure (D:6)
  An ice beast (D:5)
  3 orc warriors
  A sky beast (D:7)
  A black bear (D:8)
  4 phantoms
  A slave (D:7)
  6 ogres
  6 centaurs
  A bullfrog (D:7)
  A wyvern skeleton (D:7)
  5 scorpions
  6 killer bees
  9 wights
  5 howler monkeys
  5 crimson imps
  2 bullfrog zombies
  5 hounds
  A jelly (D:8)
  A quasit (D:9)
  4 bullfrog skeletons
  3 orc priests
  A centaur skeleton (D:5)
  Ijyb (D:3)
  An iguana (D:6)
  6 orc wizards
  16 worker ants
  2 hound zombies (D:7)
  A worker ant zombie (D:7)
  A howler monkey zombie (D:9)
  Robin (D:4)
  13 gnolls
  9 adders
  A shadow imp (D:7)
  An ooze (D:2)
  5 adder skeletons
  3 worms
  3 dart slugs
  8 leopard geckos
  51 orcs
  2 ball pythons
  5 giant cockroaches
  11 goblins
  7 hobgoblins
  19 jackals
  3 kobolds
  5 quokkas
  7 bats
  6 frilled lizards
  A leopard gecko zombie (D:7)
  A quokka skeleton (D:4)
  4 rats
  A starspawn tentacle (Abyss:2)
286 creatures vanquished.

Vanquished Creatures (others)
  An orc (D:7)
1 creature vanquished.

Grand Total: 287 creatures vanquished

Notes
Turn   | Place    | Note
-------+----------+-------------------------------------------
     0 | D:1      | Jynx the Gargoyle Fighter began the quest for the Orb.
     0 | D:1      | Reached XP level 1. HP: 14/14 MP: 1/1
     9 | D:1      | Noticed a bullfrog
   412 | D:1      | Reached XP level 2. HP: 19/19 MP: 2/2
  1027 | D:2      | Reached XP level 3. HP: 22/23 MP: 3/3
  1214 | D:2      | Found a sparkling altar of Nemelex Xobeh.
  1364 | D:2      | Found a burning altar of Makhleb.
  1378 | D:2      | Reached skill level 3 in Maces & Flails
  1378 | D:2      | Reached XP level 4. HP: 27/29 MP: 4/4
  1702 | D:2      | Found a glowing golden altar of the Shining One.
  1749 | D:2      | Found a glowing silver altar of Zin.
  2028 | D:3      | Found a bloodstained altar of Trog.
  2051 | D:3      | Identified a +1 pair of boots of running (You found it on
                  | level 3 of the Dungeon)
  2104 | D:3      | Noticed Ijyb
  2123 | D:3      | Killed Ijyb
  2123 | D:3      | Reached XP level 5. HP: 33/33 MP: 5/5
  2909 | D:4      | Noticed Sigmund
  2924 | D:3      | Reached skill level 4 in Maces & Flails
  3045 | D:4      | Killed Sigmund
  3045 | D:4      | Reached XP level 6. HP: 27/39 MP: 6/6
  3125 | D:4      | Reached XP level 7. HP: 39/44 MP: 7/7
  3345 | D:4      | Found a shattered altar of Ashenzari.
  3377 | D:4      | Reached skill level 5 in Maces & Flails
  3379 | D:4      | Reached skill level 5 in Shields
  3392 | D:4      | Reached skill level 5 in Fighting
  3392 | D:4      | Reached skill level 5 in Armour
  3448 | D:4      | Noticed Robin
  3459 | D:4      | Killed Robin
  3561 | D:4      | Reached XP level 8. HP: 36/49 MP: 8/8
  3720 | D:4      | Reached skill level 6 in Maces & Flails
  4304 | D:5      | Entered Level 5 of the Dungeon
  4407 | D:5      | Found an opulent altar of Gozag.
  4704 | D:5      | Reached skill level 7 in Maces & Flails
  4921 | D:5      | Reached XP level 9. HP: 56/56 MP: 9/9
  5098 | D:5      | Found a snail-covered altar of Cheibriados.
  5368 | D:6      | Noticed Menkaure
  5376 | D:6      | Killed Menkaure
  5433 | D:6      | Reached skill level 8 in Maces & Flails
  5477 | D:6      | Found a radiant altar of Vehumet.
  5567 | D:6      | Found a staircase to the Ecumenical Temple.
  5573 | Temple   | Entered the Ecumenical Temple
  5592 | Temple   | Became a worshipper of Warmaster Okawaru
  6441 | D:7      | Reached * piety under Okawaru
  6490 | D:7      | Reached skill level 9 in Maces & Flails
  6490 | D:7      | Reached XP level 10. HP: 63/63 MP: 10/10
  6565 | D:7      | Reached ** piety under Okawaru
  6765 | D:7      | Noticed Pikel
  6801 | D:7      | Killed Pikel
  6822 | D:7      | Found a blossoming altar of Fedhas.
  7158 | D:8      | Noticed Prince Ribbit
  7176 | D:8      | Killed Prince Ribbit
  7176 | D:8      | Reached *** piety under Okawaru
  7176 | D:8      | Reached skill level 10 in Maces & Flails
  7451 | D:8      | Noticed Erica
  7466 | D:8      | Killed Erica
  7468 | D:8      | Noticed a two-headed ogre
  7477 | D:8      | Killed a two-headed ogre
  7477 | D:8      | Reached **** piety under Okawaru
  7477 | D:8      | Reached XP level 11. HP: 44/69 MP: 11/11
  8112 | D:9      | Noticed Harold
  8380 | D:9      | Killed Harold
  8395 | D:8      | Reached skill level 11 in Maces & Flails
  8553 | D:9      | Found a white marble altar of Elyvilon.
  8606 | D:9      | Got a heavily runed lead ring
  8686 | D:9      | Identified the ring "Hoahao" {-Tele rElec rN+ Dex+3} (You
                  | found it on level 9 of the Dungeon)
  8730 | D:9      | Found a hide-covered altar of Uskayaw.
  8804 | D:9      | Found a roughly hewn altar of Beogh.
  9126 | D:10     | Entered Level 10 of the Dungeon
  9225 | D:10     | Noticed a wizard
  9225 | D:10     | Cast into level 2 of the Abyss (a wizard)
  9230 | Abyss:2  | Found a corrupted altar of Lugonu.
  9285 | Abyss:2  | Noticed a spatial maelstrom
  9291 | Abyss:2  | Noticed a large abomination
  9295 | Abyss:2  | Noticed a large abomination
  9305 | Abyss:2  | Noticed a thrashing horror
  9309 | Abyss:2  | Killed a spatial maelstrom
  9309 | Abyss:2  | Reached ***** piety under Okawaru
  9507 | Abyss:2  | Noticed a glowing orange brain
  9513 | Abyss:2  | Noticed an orb spider
  9513 | Abyss:2  | a shapeshifter changed into an orb spider
  9520 | Abyss:2  | Noticed a large abomination
  9529 | Abyss:2  | Noticed a tentacled starspawn
  9549 | Abyss:2  | an orb spider changed into a big kobold
  9564 | Abyss:2  | Gained mutation: Your body sometimes deteriorates upon
                  | taking damage. [a neqoxec]
  9579 | Abyss:2  | Killed a glowing orange brain
  9616 | Abyss:2  | Slain by a tentacled starspawn

Skill      XL: |  1  2  3  4  5  6  7  8  9 10 11 |
---------------+----------------------------------+-----
Maces & Flails | 3 4 5 7 9 10 11 | 11.5
Fighting       | 4 5 6 7 8 9 |  9.4
Armour         | 4 5 6 7 8 9 |  9.5
Shields        | 4 5 6 7 8 9 |  9.5

Action                   |  1- 3 |  4- 6 |  7- 9 | 10-12 || total
-------------------------+-------+-------+-------+-------++-------
Melee: Flail             |    30 |       |       |       ||    30
       Mace              |    66 |   156 |   403 |   540 ||  1165
Invok: Heroism           |       |       |       |     3 ||     3
  Use: Scroll            |       |     4 |     8 |     7 ||    19
       Potion            |       |       |       |     7 ||     7
 Stab: Invisible         |       |       |       |     2 ||     2
  Eat: Chunk             |     1 |     6 |     8 |    11 ||    26
       Ration            |       |       |     1 |       ||     1
Armor: Scale mail        |    61 |    77 |   121 |   222 ||   481
Dodge: Dodged            |    32 |    47 |    91 |   146 ||   316
Block: Shield            |    50 |    95 |   256 |   453 ||   854
       Reflection        |       |       |    12 |    28 ||    40
